 Dungeon Crawl Stone Soup version 0.32-a0-433-g08bcfe7efd (webtiles) character file.

Game seed: 2553460292761400739

101687 promet the Fighter (level 16, 0/92 HPs)
             Began as a Vine Stalker Fighter on Feb 20, 2024.
             Was a High Priest of Dithmenos.
             Constricted to death by an anaconda (3 damage)
             ... led by a naga ritualist
             ... on level 1 of the Snake Pit on Feb 22, 2024.
             The game lasted 04:49:17 (39299 turns).

promet the Fighter (Vine Stalker Fighter)          Turns: 39299, Time: 04:49:20

Health: 0/92       AC: 12    Str: 21    XL:     16   Next: 31%
Magic:  0/21       EV: 11    Int: 14    God:    Dithmenos [*****.]
Gold:   2644       SH:  0    Dex: 20    Spells: 13/18 levels left

rFire   + . .        b - +9 longbow "Penesh" {freeze, +Blink}
rCold   + . .        (shield currently unavailable)
rNeg    + . .        h - +2 acid dragon scales
rPois   +            Y - -2 hat of the Alchemist {rElec rPois rF+ rC+ rN+ Will+ rMut rCorr}
rElec   +            i - scarf {repulsion}
rCorr   +            X - +2 pair of gloves {Stlth+}
SInv    .            p - +0 pair of boots
Will    ++++.        U - amulet of regeneration
Stlth   ++++++++++   n - +6 ring of intelligence
HPRegen 1.95/turn    f - ring of willpower
MPRegen 0.17/turn

%: repel missiles, resist mutation, guardian spirit
@: wreathed by umbra, constricted
A: fangs 3, regeneration 1, magic shield, antimagic bite, no potion heal 2
a: Renounce Religion, Evoke Blink, Shadow Step, Shadow Form


You were on level 1 of the Snake Pit.
You worshipped Dithmenos.
Dithmenos was extremely pleased with you.
You visited 5 branches of the dungeon, and saw 24 of its levels.

You collected 3190 gold pieces.
You spent 546 gold pieces at shops.

Inventory:

Hand Weapons
 a - the +2 Maxwell's thermic engine {flame, freeze, rev}
   (You acquired it on level 1 of the Dungeon)
 b - the +9 longbow "Penesh" (weapon) {freeze, +Blink}
   (You acquired it on level 2 of the Lair of Beasts)

   +Blink:    It lets you blink.
 c - a +1 rapier of venom
 d - a +1 halberd of venom
 e - a +2 rapier of speed
 o - the +7 dire flail "Xuum Ziemn" {flame, rPois rN++ Dex-3}
   (You found it on level 5 of the Lair of Beasts)

   Dex-3:     It affects your dexterity (-3).
   rPois:     It protects you from poison rN++: It greatly protects you from
   negative energy.
 y - a +1 heavy dire flail
 F - a +2 broad axe
 J - a +1 demon blade of draining
 O - a +0 trident of protection
 W - a +1 heavy battleaxe
Missiles
 q - 37 poisoned darts
 M - a throwing net
 N - 2 curare-tipped darts
 P - 9 javelins
 Z - 6 darts of dispersal
Armour
 h - +2 acid dragon scales (worn)
 i - a scarf of repulsion (worn)
 j - a +2 pair of gloves
 p - a +0 pair of boots (worn)
 r - a +0 kite shield
 R - a +0 hat of see invisible
 X - a +2 pair of gloves of stealth (worn)
 Y - the -2 hat of the Alchemist (worn) {rElec rPois rF+ rC+ rN+ Will+ rMut rCorr}
   (You found it on level 5 of the Lair of Beasts)

   rF+:       It protects you from fire.
   rC+:       It protects you from cold.
   rElec:     It insulates you from electricity.
   rPois:     It protects you from poison rN+: It protects you from negative
   energy.
   Will+:     It increases your willpower.
   rCorr:     It protects you from acid and corrosion.
   rMut:      It protects you from mutation.
Jewellery
 f - a ring of willpower (right hand)
 n - a +6 ring of intelligence (left hand)
 u - a +6 ring of intelligence
 K - an amulet of the acrobat
 U - an amulet of regeneration (around neck)
 V - a ring of resist corrosion
Wands
 k - a wand of quicksilver (12)
 w - a wand of flame (34)
 B - a wand of roots (3)
 C - a wand of paralysis (8)
 D - a wand of digging (16)
 S - a wand of polymorph (5)
Scrolls
 l - 12 scrolls of teleportation
 m - a scroll of fear
 x - 5 scrolls of revelation
 E - a scroll of amnesia
 H - 2 scrolls of fog
 T - a scroll of immolation
Potions
 g - 4 potions of brilliance
 s - 5 potions of enlightenment
 t - 5 potions of lignification
 v - 2 potions of cancellation
 z - 4 potions of heal wounds
 A - 2 potions of magic
 G - 3 potions of ambrosia
 I - 2 potions of attraction
 L - 9 potions of curing
 Q - a potion of haste


   Skills:
 + Level 13.6 Fighting
 + Level 2.2(8.5) Short Blades
 + Level 12.7(12.8) Long Blades
 + Level 0.5 Axes
 + Level 12.5 Ranged Weapons
 + Level 2.8 Throwing
 + Level 7.0 Armour
 + Level 4.9 Dodging
 + Level 11.5 Stealth
 + Level 3.8 Shields
 + Level 0.2 Unarmed Combat
 + Level 1.5 Spellcasting
 + Level 1.2 Summonings
 + Level 0.1 Air Magic
 + Level 0.1 Alchemy
 + Level 6.6 Invocations
 * Level 3.6 Evocations


You had 13 spell levels left.
You knew the following spells:

 Your Spells              Type           Power      Damage    Failure   Level
a - Sting                 Conj/Alch      4%         1d3       30%         1
b - Call Imp              Summ           8%         N/A       28%         2
c - Mercury Vapours       Alch/Air       2%         N/A       41%         2

Your spell library contained the following spells:

 Spells                   Type           Power      Damage    Failure   Level
 Kiss of Death            Conj/Necr      4%         2d5       30%         1
 Cigotuvi's Dreadful Rot  Necr/Alch/Air  2%         N/A       41%         2
 Jinxbite                 Hex            2%         N/A       43%         2
 Sublimation of Blood     Necr           1%         N/A       43%         2
 Gell's Gravitas          Tloc           1%         N/A       67%         3
 Inner Flame              Hex/Fire       1%         N/A       67%         3
 Teleport Other           Tloc           1%         N/A       67%         3
 Summon Blazeheart Golem  Fire/Summ      2%         N/A       93%         4
 Olgreb's Toxic Radiance  Alch           1%         N/A       96%         4
 Petrify                  Alch/Erth      1%         N/A       96%         4
 Borgnjor's Vile Clutch   Necr/Erth      0%         N/A       100%        5
 Irradiate                Conj/Alch      0%         3d11      100%        5
 Silence                  Hex/Air        0%         N/A       100%        5
 Summon Mana Viper        Hex/Summ       2%         N/A       100%        5
 Yara's Violent Unravell  Hex/Alch       0%         3d3       100%        5
 Dispersal                Tloc           0%         N/A       100%        6
 Enfeeble                 Hex            0%         N/A       100%        7
 Haunt                    Necr/Summ      1%         N/A       100%        7
 Orb of Destruction       Conj           0%         9d5       100%        7
 Spellforged Servitor     Conj/Summ      1%         N/A       100%        7
 Summon Hydra             Summ           2%         N/A       100%        7
 Borgnjor's Revivificati  Necr           0%         N/A       100%        8
 Ignition                 Fire           0%         3d3       100%        8
 Death's Door             Necr           0%         N/A       100%        9


Dungeon Overview and Level Annotations

Branches:
Dungeon (15/15)            Temple (1/1) D:4            Lair (5/5) D:11
 Shoals (0/4) Lair:3        Snake (1/4) Lair:2        Slime (0/5) Lair:5
    Orc (2/2) D:12            Elf (0/3) Orc:2        Vaults (0/5) D:14
 Depths (0/4) D:15

Altars:
Ashenzari
Cheibriados
Dithmenos
Elyvilon
Fedhas
Gozag
Hepliaklqana
Kikubaaqudgha
Makhleb
Nemelex Xobeh
Okawaru
Qazlal
Ru
Sif Muna
Trog
Uskayaw
Vehumet
Wu Jian
Xom
Yredelemnul
Zin
The Shining One
Beogh

Shops:
D:4 [   D:6 :   D:9 !   Orc:2 ([([   Snake:1 *

Annotations:
D:9 2 transporters
D:11 2 runed translucent doors
Lair:3 2 runed translucent doors, Plog's ghost, journeyman DjSh


Innate Abilities, Weirdness & Mutations

You have razor-sharp teeth.
Your natural rate of healing is unusually fast.
When hurt, damage is shared between your health and your magic reserves.
Your bite disrupts and absorbs the magic of your enemies.
Potions cannot restore your health.


Message History

The anaconda bites you but does no damage.
The anaconda constricts you.
The mana viper bites you but does no damage.
The anaconda bites you! The anaconda constricts you.
The engine hums to life!
a - the +2 Maxwell's thermic engine (weapon)
{flame, freeze, rev} The mana viper bites you but does no damage.
You hit the anaconda. You burn the anaconda. You freeze the anaconda.
Your bite misses the anaconda.
The anaconda is lightly wounded.
The anaconda bites you! The anaconda constricts you. The mana viper bites you.
The anaconda bites you. The anaconda constricts you.
You slash the mana viper! You burn the mana viper. You freeze the mana viper.
You bite the mana viper. You drain its power.
You feel invigorated.
The mana viper is almost dead.
Your shadow hits the mana viper but does no damage.
The anaconda bites you. The anaconda constricts you.
The mana viper bites you but does no damage.
You hit the mana viper. You burn the mana viper. You freeze the mana viper.
The mana viper seems to slow down.
Your bite misses the mana viper.
The mana viper is almost dead.
Your shadow misses the mana viper. The anaconda bites you!
* * * LOW HITPOINT WARNING * * *
The anaconda constricts you. The mana viper misses you.
The anaconda bites you but does no damage.
The anaconda constricts you.
* * * LOW HITPOINT WARNING * * *
You miss the anaconda.
The anaconda is lightly wounded.
The anaconda bites you!
* * * LOW HITPOINT WARNING * * *
The anaconda constricts you.
The mana viper bites you but does no damage.
The engine shudders to a halt.
The +9 longbow "Penesh" {freeze, +Blink} is covered in frost.
b - the +9 longbow "Penesh" (weapon)
{freeze, +Blink} The anaconda bites you!
* * * LOW HITPOINT WARNING * * *
The anaconda constricts you.
You die...

############ ##..........##
##............## ####
#............S@# ...#
###............S.# ....#
..#.>............# ....#
..#..............# .....#
..#..............# ###......
>.##............########........
..###...........##...........#
..####..#######..#.##.##.#..##
...###.## ##...##.#.....#


You could see an anaconda and a mana viper (slow).

Vanquished Creatures
  Jorgrun (Orc:2)
  Kirke (D:14)
  Gastronok (Lair:1)
  Roxanne (D:14)
  4 dire elephants (Lair:5)
  Nessos (D:15)
  Josephine (Lair:3)
  A fire dragon (D:14)
  9 hydras
  3 ogre magi
  2 catoblepae
  An anaconda (Snake:1)
  5 boulder beetles
  Erolcha (D:10)
  4 two-headed ogres
  A tengu warrior (D:14)
  A naga warrior (Snake:1)
  10 death yaks
  Sonja (Lair:3)
  3 orc high priests (Orc:2)
  A skyshark (Lair:5)
  2 spectral death yaks (Lair:5)
  A sea snake (shapeshifter) (D:15)
  Lodul (D:13)
  A spectral anaconda (Lair:5)
  A mana viper (Lair:2)
  An obsidian statue (Lair:5)
  3 necromancers (Lair:5)
  Pikel (D:6)
  6 orc knights
  A deep elf pyromancer (D:15)
  4 oklob plants (Lair:2)
  2 cyclopes (D:15)
  4 manticores
  7 orc sorcerers
  28 ugly things
  3 kobold blastminers (Orc:2)
  5 elephants (Lair:5)
  Joseph (D:10)
  9 black mambas
  A naga mage (Snake:1)
  11 cane toads
  Maggie (D:7)
  A torpor snail (Lair:5)
  3 rime drakes
  An efreet (D:13)
  7 komodo dragons
  A komodo dragon (shapeshifter) (D:14)
  An unseen horror (D:11)
  A tengu conjurer (D:15)
  2 polar bears
  3 trolls
  A wolf spider simulacrum (D:14)
  Prince Ribbit (D:6)
  4 hornets
  18 blink frogs
  17 slime creatures
  A centaur simulacrum (D:15)
  2 shadows (D:12)
  7 wraiths
  4 wyverns
  5 basilisks
  Eustachio (D:6)
  26 yaks
  3 wargs
  Grum (Lair:1)
  A hog (D:14)
  7 vampire mosquitoes (D:13)
  Menkaure (D:5)
  3 steam dragons
  2 acid dragons
  Edmund (D:6)
  A spectral cane toad (Lair:5)
  5 nagas
  20 water moccasins
  17 orc warriors
  A sky beast (D:7)
  2 elephant zombies (Lair:5)
  3 black bears
  10 wolves
  A centaur (D:8)
  16 ogres
  2 phantoms
  5 gnoll sergeants
  13 bullfrogs
  4 scorpions (D:6)
  2 cane toad simulacra (Lair:5)
  8 wights
  15 killer bees
  An electric eel (Lair:4)
  5 howler monkeys
  3 hounds
  A hound (shapeshifter) (D:14)
  2 jellies
  A gnoll bouda (D:8)
  13 orc priests
  A sleepcap (D:4)
  5 iguanas
  18 orc wizards
  A boggart simulacrum (D:14)
  28 gnolls
  10 adders
  2 shadow imps (D:6)
  2 white imps
  2 dart slugs
  56 orcs
  A bat (D:1)
  5 endoplasms
  3 giant cockroaches
  8 goblins
  8 hobgoblins
  9 jackals
  4 quokkas
  6 ball pythons
  2 frilled lizards (D:1)
  3 kobolds
  5 rats
603 creatures vanquished.

Vanquished Creatures (collateral kills)
  A basilisk (Lair:4)
1 creature vanquished.

Vanquished Creatures (others)
  An ugly thing (D:15)
  4 humans (D:14)
  An orc wizard (D:11)
  An orc (D:8)
7 creatures vanquished.

Grand Total: 611 creatures vanquished

Notes
Turn   | Place    | Note
-------+----------+-------------------------------------------
     0 | D:1      | promet the Vine Stalker Fighter began the quest for the
                  | Orb.
     0 | D:1      | Reached XP level 1. HP: 11/11 MP: 2/2
   136 | D:1      | Reached XP level 2. HP: 16/16 MP: 1/3
   139 | D:1      | Reached skill level 3 in Fighting
   632 | D:1      | Reached XP level 3. HP: 20/20 MP: 4/4
   755 | D:1      | Identified a scroll of acquirement
   756 | D:1      | Acquired the +2 Maxwell's thermic engine {flame, freeze,
                  | rev}
   756 | D:1      | Found the +2 Maxwell's thermic engine {flame, freeze, rev}
  1140 | D:2      | Reached XP level 4. HP: 24/24 MP: 3/5
  1240 | D:2      | Found a faded altar of an unknown god.
  1358 | D:2      | Reached skill level 1 in Long Blades
  2199 | D:3      | Reached XP level 5. HP: 28/28 MP: 6/6
  2454 | D:4      | Found a staircase to the Ecumenical Temple.
  2537 | D:4      | Found Xaacoraz's Antique Armour Shop.
  2802 | D:4      | Reached XP level 6. HP: 33/33 MP: 7/7
  3033 | D:4      | Reached skill level 1 in Dodging
  3200 | D:4      | Noticed a black bear
  3213 | D:4      | Killed a black bear
  3214 | D:4      | Reached skill level 4 in Fighting
  3214 | D:4      | Reached XP level 7. HP: 34/37 MP: 6/8
  3336 | Temple   | Entered the Ecumenical Temple
  3404 | Temple   | Became a worshipper of Dithmenos the Shadowed
  3935 | D:5      | Entered Level 5 of the Dungeon
  3993 | D:5      | Noticed Menkaure
  4000 | D:5      | Killed Menkaure
  4001 | D:5      | Reached skill level 5 in Long Blades
  4213 | D:5      | Found a basalt altar of Yredelemnul.
  4610 | D:5      | Gained mutation: You have razor-sharp teeth. [Vine Stalker
                  | growth]
  4610 | D:5      | Reached XP level 8. HP: 42/42 MP: 9/9
  4941 | D:5      | Reached skill level 5 in Fighting
  5366 | D:5      | Found a bloodstained altar of Trog.
  5865 | D:6      | Reached * piety under Dithmenos
  5989 | D:6      | Found Kemacheh's Self-Published Books.
  6006 | D:6      | Noticed Pikel
  6335 | D:6      | Reached skill level 1 in Throwing
  6433 | D:6      | Reached XP level 9. HP: 48/48 MP: 10/10
  6483 | D:6      | Reached skill level 6 in Fighting
  6578 | D:6      | Killed Pikel
  6886 | D:6      | Noticed Eustachio
  7112 | D:6      | Noticed Edmund
  7120 | D:6      | Reached skill level 1 in Evocations
  7123 | D:6      | Killed Edmund
  7153 | D:6      | Noticed Prince Ribbit
  7157 | D:6      | Killed Prince Ribbit
  7433 | D:6      | Killed Eustachio
  7561 | D:6      | Reached skill level 7 in Fighting
  7561 | D:6      | Reached skill level 5 in Armour
  7856 | D:7      | Reached ** piety under Dithmenos
  8047 | D:7      | Noticed Maggie
  8055 | D:7      | Killed Maggie
  8056 | D:7      | Reached XP level 10. HP: 55/55 MP: 11/11
  8816 | D:8      | Learned a level 1 spell: Sting
  9134 | D:8      | Reached skill level 1 in Stealth
  9574 | D:8      | Reached skill level 1 in Ranged Weapons
 10588 | D:9      | Reached skill level 8 in Fighting
 10592 | D:9      | Found a transporter.
 10592 | D:9      | Found Xeduq's Distillery.
 11021 | D:9      | Found a transporter.
 11178 | D:10     | Entered Level 10 of the Dungeon
 11195 | D:10     | Noticed Joseph
 11373 | D:10     | Killed Joseph
 11567 | D:10     | Noticed a two-headed ogre
 11579 | D:10     | Killed a two-headed ogre
 11580 | D:10     | Reached XP level 11. HP: 35/60 MP: 5/12
 11865 | D:10     | Noticed Erolcha
 11892 | D:10     | Killed Erolcha
 11892 | D:10     | Reached *** piety under Dithmenos
 12130 | D:10     | Learned a level 2 spell: Call Imp
 12534 | D:10     | Reached skill level 1 in Invocations
 12555 | D:10     | Noticed a boulder beetle
 12577 | D:10     | Killed a boulder beetle
 12777 | D:11     | Found a runed translucent door.
 12779 | D:11     | Found a runed translucent door.
 12846 | D:11     | Found a staircase to the Lair.
 12866 | D:11     | Reached skill level 10 in Long Blades
 13165 | D:11     | Found a shimmering altar of Xom.
 13166 | D:11     | Found a shimmering altar of Xom.
 13166 | D:11     | Found a shimmering altar of Xom.
 13166 | D:11     | Found a shimmering altar of Xom.
 13167 | D:11     | Found a shimmering altar of Xom.
 14104 | D:12     | Reached skill level 5 in Ranged Weapons
 14240 | D:12     | Noticed a red ugly thing
 14253 | D:12     | Killed a red ugly thing
 14766 | D:12     | Found a staircase to the Orcish Mines.
 14834 | D:12     | Reached skill level 9 in Fighting
 15734 | D:12     | Reached skill level 5 in Stealth
 15962 | Lair:1   | Entered Level 1 of the Lair of Beasts
 15968 | Lair:1   | Reached XP level 12. HP: 66/66 MP: 15/15
 16042 | Lair:1   | Reached **** piety under Dithmenos
 16538 | Lair:1   | Found a burning altar of Makhleb.
 17064 | Lair:1   | Noticed Grum
 17081 | Lair:1   | Killed Grum
 17631 | Lair:2   | Noticed Gastronok
 17650 | Lair:1   | Killed Gastronok
 18562 | Lair:2   | Found a staircase to the Snake Pit.
 18744 | Lair:2   | Acquired the +9 longbow "Penesh" {freeze, +Blink}
 18897 | Lair:2   | Reached skill level 10 in Fighting
 19482 | Lair:2   | Identified the +0 chain mail of Bodynan {rCorr}
 20056 | Lair:3   | Found a staircase to the Shoals.
 20063 | Lair:2   | Reached XP level 13. HP: 72/72 MP: 17/17
 20753 | Lair:3   | Noticed Sonja
 20964 | Lair:3   | Killed Sonja
 21750 | Lair:3   | Upgraded the game from 0.32-a0-391-gce5c0aab1b to
                  | 0.32-a0-422-g28b100f618
 21924 | Lair:3   | Found a large runed translucent door.
 21924 | Lair:3   | Found a large runed translucent door.
 22284 | Lair:3   | Acquired 745 gold pieces
 22533 | Lair:3   | Noticed Josephine
 22625 | Lair:3   | Noticed Plog's ghost (journeyman DjSh)
 22802 | Lair:3   | Killed Josephine
 23871 | Lair:4   | Learned a level 2 spell: Mercury Vapours
 23985 | Lair:4   | Reached skill level 11 in Fighting
 24882 | Lair:5   | Entered Level 5 of the Lair of Beasts
 24929 | Lair:5   | Reached skill level 1 in Spellcasting
 24991 | Lair:5   | Noticed a dire elephant
 24991 | Lair:5   | Noticed a dire elephant
 25193 | Lair:5   | Reached XP level 14. HP: 79/79 MP: 18/18
 25214 | Lair:5   | Identified the +7 dire flail "Xuum Ziemn" {flame, rPois
                  | rN++ Dex-3}
 25264 | Lair:5   | Found a staircase to the Slime Pits.
 25424 | Lair:4   | Reached skill level 10 in Stealth
 25514 | Lair:5   | Reached ***** piety under Dithmenos
 26298 | Lair:5   | Reached skill level 1 in Summonings
 26950 | Lair:5   | Noticed a dire elephant
 26950 | Lair:5   | Noticed a dire elephant
 27154 | Lair:5   | Found the -2 hat of the Alchemist {rElec rPois rF+ rC+ rN+
                  | Will+ rMut rCorr}
 27388 | Lair:5   | Reached skill level 12 in Fighting
 28032 | Lair:5   | Killed a dire elephant
 28192 | Lair:5   | Killed a dire elephant
 28331 | Lair:5   | Killed a dire elephant
 28599 | Lair:5   | Killed a dire elephant
 29142 | Orc:1    | Entered Level 1 of the Orcish Mines
 29691 | Orc:1    | Found a roughly hewn altar of Beogh.
 29881 | Orc:1    | Paralysed by a hornet for 2 turns
 30109 | Orc:1    | Reached skill level 10 in Ranged Weapons
 30517 | Orc:2    | Entered Level 2 of the Orcish Mines
 30517 | Orc:2    | Found a staircase to the Elven Halls.
 30618 | Orc:2    | Reached XP level 15. HP: 85/85 MP: 19/19
 30636 | Orc:2    | Noticed Jorgrun
 30651 | Orc:2    | Killed Jorgrun
 31070 | Orc:2    | Reached skill level 5 in Invocations
 31643 | Orc:2    | Reached skill level 13 in Fighting
 32070 | Orc:2    | Found Cunnar's Antique Armour Shoppe.
 32070 | Orc:2    | Found Posag's Antique Weapon Shop.
 32072 | Orc:2    | Found Tusin's Antique Weapon Shoppe.
 32072 | Orc:2    | Found Waaghade's Armour Shop.
 32098 | Orc:2    | Bought a +1 pair of gloves of stealth for 231 gold pieces
 33205 | D:13     | Noticed Lodul
 33219 | D:13     | Killed Lodul
 34030 | D:14     | Noticed Kirke
 34046 | D:14     | Noticed a sphinx
 34222 | D:14     | Killed Kirke
 34508 | D:14     | Noticed Roxanne
 34529 | D:14     | Killed Roxanne
 35720 | D:14     | Found a gate to the Vaults.
 35804 | D:15     | Entered Level 15 of the Dungeon
 36289 | D:15     | Reached ****** piety under Dithmenos
 36417 | D:15     | Noticed Nessos
 36915 | D:15     | Killed Nessos
 37082 | D:15     | Reached XP level 16. HP: 91/91 MP: 21/21
 37124 | D:15     | Got Ykion's Tractate on Enchanting Remains
 37248 | D:15     | Found a staircase to the Depths.
 38607 | Lair:3   | Upgraded the game from 0.32-a0-422-g28b100f618 to
                  | 0.32-a0-433-g08bcfe7efd
 38653 | Snake:1  | Entered Level 1 of the Snake Pit
 38700 | Snake:1  | Found Revveum's General Store.
 38879 | Snake:1  | Bought a wand of quicksilver (5) for 315 gold pieces
 39299 | Snake:1  | HP: 3/92 [anaconda[a naga ritualist] (14)]
 39299 | Snake:1  | Constricted to death by an anaconda

Illustrated notes

Levels and vault maps discovered:
D:1:      lemuel_arrival_funnel, layout_basic
D:2:      layout_rooms, ebering_ecumenical_altar_abandoned, serial_forest,
          infiniplex_forest_lined_3, infiniplex_forest_lined_1,
          infiniplex_forest_3_way, infiniplex_forest_clump_large,
          infiniplex_forest_end_double, infiniplex_forest_clump_curved,
          infiniplex_forest_straight_4, infiniplex_forest_lined_4_way,
          hangedman_decor_riveting
D:3:      layout_basic
D:4:      layout_gridville, minmay_temple_entry_tees, serial_shops, shop,
          chequers_jeans, bh_walls_and_bars
D:5:      layout_gridville, mainiacjoe_overflow_catwalk_spiral, uniq_menkaure
D:6:      layout_loops_cross, st_stairs_4, minmay_strange_pillars,
          nicolae_custom_books, chequers_hall_statues_wall_a,
          mumra_transporter_accident, chequers_arboretum,
          kennysheep_generic_room_7, uniq_edmund, uniq_eustachio, uniq_pikel,
          uniq_prince_ribbit1
D:7:      layout_loops_ring, grunt_ministairs_14, uniq_maggie
D:8:      layout_basic, nicolae_grassy_gnolls
D:9:      layout_rooms, serial_shops, nicolae_shop_drivethru,
          kennysheep_generic_room_8
D:10:     layout_irregular_city, uniq_joseph, uniq_erolcha
D:11:     lemuel_insect_pit, layout_stronghold, erik_lair_orcish_takeover,
          xom_shifter_show
D:12:     layout_stronghold, kennysheep_orc_monster_closet_entryway
D:13:     layout_basic, uniq_lodul
D:14:     layout_loops_ring, hellmonk_vaults_attempted_burglary,
          serial_bayou_pond_d, uniq_roxanne, uniq_kirke
D:15:     hangedman_depths_entry_try_elsewhere_first, layout_irregular_city,
          uniq_nessos
Temple:   mainiacjoe_temple_cubbyholes
Lair:1:   layout_chaotic_city, basic_altar, nicolae_quartered_pool_little,
          minmay_holes, uniq_grum
Lair:2:   minmay_lair_oklob_tunnel, layout_small_grid,
          guppyfry_snake_entry_garden, uniq_gastronok
Lair:3:   layout_regular_city, elwin_shoals_entry_rocks,
          ebering_ghost_disaster_area, dreamdust_mushroom_princess,
          uniq_josephine, uniq_sonja
Lair:4:   layout_gridlike, lemuel_fruit_tree
Lair:5:   due_jungle_book, layout_regular_city, slime_entry_1
Snake:1:  layout_rooms, serial_shops, nicolae_shop_gibbet_a_chance
Orc:1:    hellmonk_paralyzer, layout_diamond_mine, basic_altar,
          statue_in_the_mist_lemuel
Orc:2:    grunt_orc_tribal_feast, layout_diamond_mine, uniq_jorgrun

Skill      XL: |  1  2  3  4  5  6  7  8  9 10 11 12 13 14 15 16 |
---------------+-------------------------------------------------+-----
Fighting       | 3 4 5 7 8 9 10 11 12 13 | 13.6
Shields        | 3 |  3.8
Short Blades   | 2 |  2.2
Armour         | 3 4 5 6 7 |  7.0
Long Blades    | 1 2 3 5 6 8 9 10 11 12 | 12.7
Dodging        | 1 2 3 4 |  4.9
Throwing       | 1 2 |  2.8
Evocations     | 1 2 3 |  3.6
Stealth        | 1 5 7 9 11 | 11.5
Ranged Weapons | 3 5 6 8 10 11 12 | 12.5
Invocations    | 2 4 6 |  6.6
Spellcasting   | 1 |  1.5
Summonings     | 1 |  1.2
Axes           | |  0.5
Unarmed Combat | |  0.2
Air Magic      | |  0.1
Alchemy        | |  0.1

Action                     |  1- 3 |  4- 6 |  7- 9 | 10-12 | 13-15 | 16-18 || total
---------------------------+-------+-------+-------+-------+-------+-------++-------
  Melee: Rapier            |    64 |       |       |     1 |     5 |       ||    70
         Bite              |    15 |    26 |    41 |   103 |   151 |    18 ||   354
         Double sword      |    18 |   109 |   164 |   384 |   370 |    45 ||  1090
         Broad axe         |       |       |       |     5 |     2 |     1 ||     8
         Flail             |       |       |       |     3 |       |       ||     3
         Unarmed           |       |       |       |       |     9 |       ||     9
         Battleaxe         |       |       |       |       |       |     1 ||     1
   Fire: Shortbow          |       |       |       |    42 |       |       ||    42
         Arbalest          |       |       |       |   110 |       |       ||   110
         Sling             |       |       |       |    42 |       |       ||    42
         Longbow           |       |       |       |    30 |   569 |   102 ||   701
  Throw: Stone             |       |     4 |    14 |       |       |       ||    18
         Dart              |       |       |    12 |    32 |    15 |       ||    59
         Javelin           |       |       |       |       |     3 |       ||     3
   Cast: Sting             |       |       |       |     2 |       |       ||     2
         Call Imp          |       |       |       |     1 |     5 |       ||     6
         Mercury Vapours   |       |       |       |       |     2 |       ||     2
 Invoke: Shadow Step       |       |       |       |       |     1 |       ||     1
  Evoke: Wand              |       |       |    15 |     9 |    11 |     1 ||    36
    Use: Scroll            |     3 |     7 |     5 |    15 |    12 |     1 ||    43
         Potion            |       |       |     3 |     3 |     4 |     1 ||    11
   Stab: Distracted        |       |       |       |     1 |     1 |       ||     2
         Sleeping          |       |       |       |     6 |     7 |       ||    13
         Paralysed         |       |       |       |     4 |       |       ||     4
 Armour: Scale mail        |    52 |    17 |       |       |       |       ||    69
         Chain mail        |       |    49 |   119 |       |       |       ||   168
         Acid dragon scale |       |       |       |   311 |   334 |    52 ||   697
         Skin              |       |       |       |       |     5 |       ||     5
  Dodge: Dodged            |    33 |    28 |    68 |   328 |   278 |    40 ||   775
         Repelled          |       |     1 |     2 |     7 |     4 |     2 ||    16
  Block: Buckler           |    13 |    26 |    33 |    36 |       |       ||   108

Table legend: (Time is in decaauts)
 A = Elapsed time spent in this place.
 B = Non-inter-level travel time spent in this place.
 C = Inter-level travel time spent in this place.
 D = Time resting spent in this place.
 E = Time spent auto-exploring this place.
 F = Levels seen in this place.
 G = Mean time per level.
                   A        B        C        D        E       F      G
               +--------+--------+--------+--------+--------+-----+--------+
         Total |  39524 |  37540 |   1984 |  11512 |   6337 |  24 | 1646.8 |
       Dungeon |  22303 |  21258 |   1045 |   6044 |   4630 |  15 | 1486.9 |
        Temple |    123 |     41 |     82 |      0 |      0 |   1 |  123.0 |
          Lair |  13591 |  12810 |    781 |   4796 |   1455 |   5 | 2718.2 |
     Snake Pit |    308 |    308 |      0 |      8 |      0 |   1 |  308.0 |
  Orcish Mines |   3197 |   3122 |     75 |    663 |    252 |   2 | 1598.5 |
               +--------+--------+--------+--------+--------+-----+--------+

Top non-repeatable levels by time:
  Lair:2: 3927 daAuts
  Lair:5: 3393 daAuts
    D:14: 2434 daAuts
  Lair:3: 2334 daAuts
     D:8: 2095 daAuts
     D:5: 2094 daAuts
    D:12: 2053 daAuts
  Lair:4: 1979 daAuts
    D:15: 1970 daAuts
  Lair:1: 1956 daAuts
   Orc:2: 1752 daAuts
     D:6: 1671 daAuts
    D:13: 1670 daAuts
   Orc:1: 1445 daAuts
    D:11: 1423 daAuts
